 Dungeon Crawl Stone Soup version 0.25-a0-339-gb37b713 (webtiles) character file.

Game seed: 13161073693884879136, levelgen mode: deterministic

7756 Birdy the Nimble (level 11, -5/67 HPs)
             Began as a Tengu Gladiator on Dec 28, 2019.
             Was a Believer of Wu Jian.
             Slain by a wolf (9 damage)
             ... on level 3 of the Lair of Beasts.
             The game lasted 00:26:21 (9297 turns).

Birdy the Nimble (Tengu Gladiator)                  Turns: 9297, Time: 00:26:22

Health: -5/67      AC:  5    Str: 20    XL:     11   Next: 20%
Magic:  12/12      EV: 34    Int:  3    God:    Wu Jian [**....]
Gold:   170        SH:  0    Dex: 27    Spells: 10/10 levels left

rFire    . . .     SeeInvis .   a - +0 long sword (freeze)
rCold    . . .     Gourm    +   (no shield)
rNeg     + . .     Faith    .   b - +0 leather armour
rPois    +         Spirit   .   c - +1 hat
rElec    .         Reflect  .   p - +0 cloak
rCorr    +         Harm     .   (no gloves)
MR       .....                  (boots unavailable)
Stlth    ++........             A - amulet of the gourmand
HPRegen  0.21/turn              E - ring of the Death Scarab {rPois rN+ Str+5 Int-5 Dex+3}
MPRegen  0.13/turn              d - ring of resist corrosion

@: confused, agile, flying quickly and evasively, lightly drained, quick
A: beak, talons 3, able to fly
a: Stop Flying, Wall Jump, Renounce Religion


You were on level 3 of the Lair of Beasts.
You worshipped Wu Jian.
Wu Jian was pleased with you.
You were very hungry.

You visited 3 branches of the dungeon, and saw 12 of its levels.

You collected 582 gold pieces.
You spent 412 gold pieces at shops.

Inventory:

Hand Weapons
 a - a +0 long sword of freezing (weapon)
Missiles
 n - 6 boomerangs
 B - 15 poisoned darts (quivered)
Armour
 b - a +0 leather armour (worn)
 c - a +1 hat (worn)
 p - a +0 cloak (worn)
Jewellery
 d - a ring of resist corrosion (right hand)
 e - an uncursed amulet of harm
 h - an uncursed ring of positive energy
 l - an uncursed ring of protection from cold
 o - a +3 ring of intelligence
 q - a +3 ring of evasion
 r - an uncursed ring of protection from cold
 v - an uncursed ring of see invisible
 A - an amulet of the gourmand (around neck)
 E - the ring of the Death Scarab (left hand) {rPois rN+ Str+5 Int-5 Dex+3}
   (You bought it in a shop on level 5 of the Dungeon)

   [ring of positive energy]

   It affects your strength (+5).
   It affects your intelligence (-5).
   It affects your dexterity (+3).
   It protects you from poison.
   It protects you from negative energy.
Wands
 i - a wand of random effects (6)
 m - a wand of iceblast (9)
 D - a wand of acid (13)
Scrolls
 g - 7 scrolls of remove curse
 k - 2 scrolls of magic mapping
 x - 2 scrolls of amnesia
 C - a scroll of enchant armour
Potions
 s - a potion of haste
 u - 2 potions of resistance
Comestibles
 f - 16 rations


   Skills:
 + Level 7.3(7.0) Fighting
 * Level 11.2(10.9) Long Blades
 - Level 2.0(1.7) Throwing
 - Level 4.0(3.7) Armour
 * Level 12.0(11.6) Dodging
 - Level 3.1(2.8) Stealth


You had 10 spell levels left.
You didn't know any spells.
Your spell library contained the following spells:

 Spells                   Type           Power        Failure   Level  Hunger
 Apportation              Tloc           #.....       56%         1    ##.....
 Corona                   Hex            #......      56%         1    ##.....
 Freeze                   Ice            #...         56%         1    ##.....
 Summon Butterflies       Summ           #.......     56%         1    ##.....
 Ensorcelled Hibernation  Hex/Ice        #.....       71%         2    ###....
 Confuse                  Hex            #.......     91%         3    ####...
 Dazzling Flash           Conj/Hex       #.....       91%         3    ####...
 Lesser Beckoning         Tloc           #.........   91%         3    ####...
 Ozocubu's Armour         Chrm/Ice       #.......     91%         3    ####...
 Tukima's Dance           Hex            #.......     91%         3    ####...
 Hailstorm                Conj/Ice       #.......     100%        4    #####..
 Summon Ice Beast         Ice/Summ       #.......     100%        4    #####..
 Alistair's Intoxication  Tmut/Pois      #.......     100%        5    ######.
 Invisibility             Hex            #.......     100%        6    #######


Dungeon Overview and Level Annotations

Branches:
Dungeon (8/15)             Temple (1/1) D:4            Lair (3/6) D:8
  Swamp: Lair:2-4    Shoals: Lair:2-4     Snake: Lair:2-4    Spider: Lair:2-4

Altars:
Cheibriados
Dithmenos
Elyvilon
Fedhas
Gozag
Hepliaklqana
Makhleb
Nemelex Xobeh
Okawaru
Qazlal
Ru
Sif Muna
Trog
Uskayaw
Vehumet
Wu Jian
Xom
Yredelemnul
Zin
The Shining One

Shops:
D:5 =

Annotations:
D:6 2 transporters, wampuh's ghost, novice DsGl
Lair:1 exclusion: 4 oklob plants


Innate Abilities, Weirdness & Mutations

You have a beak for a mouth.
You have claws for feet.
You can fly continuously.


Message History

You repeatedly attack the hell rat from above.
You hit the hell rat. You freeze the hell rat.
The hell rat is severely wounded.
You hit the hell rat. You freeze the hell rat.
You kill the hell rat!
The Council accepts your kill.
The wolf completely misses you. x2; You riposte.
You hit the wolf but do no damage. You claw the wolf, but do no damage.
You peck the wolf.
The wolf is severely wounded.
The wolf completely misses you.
You riposte.
You hit the wolf but do no damage. You claw the wolf.
The wolf is moderately wounded.
The wolf completely misses you.
Okay, then.
Okay, then.
You are confused.
You feel invigorated. The wolf misses you. The adder completely misses you.
The wolf completely misses you. The wolf bites you!
You die...

.##....PP ......P
......#
P...P####### .#.
#...##....#
...P##<..#...†.#
.............rr.#
..≈§........Shhh#
..§.§.......†@°P#
.≈§§≈§..........#
.§§§§≈≈....#....#
≈§§§§§§≈≈≈......#
≈≈§§§§§≈........#
§§§≈...#.#...#
§§≈.........##
§..........#


You could see 3 wolves, 2 hell rats and an adder.

Vanquished Creatures
  A hydra (Lair:1)
  Pikel (D:5)
  Joseph (D:7)
  2 black mambas (Lair:2)
  3 spiny frogs
  4 komodo dragons
  2 hippogriffs (Lair:1)
  Sigmund (D:6)
  A wyvern (Lair:1)
  4 water moccasins (Lair:2)
  2 porcupines (Lair:2)
  2 slaves (D:5)
  7 wolves
  7 ogres
  2 crocodiles (Lair:2)
  A centaur (D:5)
  A big kobold (D:7)
  3 bullfrogs
  A scorpion (D:5)
  2 crimson imps (D:6)
  2 quasits
  A bullfrog zombie (D:5)
  An orc wizard (D:7)
  An orc priest (D:3)
  A centaur skeleton (D:4)
  2 hounds (D:8)
  Ijyb (D:3)
  3 hell rats (Lair:3)
  5 worker ants
  A worker ant zombie (D:8)
  6 gnolls
  6 adders
  2 shadow imps
  2 oozes
  3 adder skeletons
  4 worms
  2 dart slugs (D:1)
  5 leopard geckos
  17 orcs
  8 bats
  6 giant cockroaches
  5 goblins
  5 hobgoblins
  6 jackals
  7 kobolds
  5 quokkas
  A ball python (D:3)
  5 frilled lizards
  A quokka zombie (D:7)
  6 rats
  A plant (Lair:1)
169 creatures vanquished.

Vanquished Creatures (others)
  A giant cockroach (D:5)
  8 plants
9 creatures vanquished.

Grand Total: 178 creatures vanquished

Notes
Turn   | Place    | Note
-------+----------+-------------------------------------------
     0 | D:1      | Birdy the Tengu Gladiator began the quest for the Orb.
     0 | D:1      | Reached XP level 1. HP: 12/12 MP: 2/2
    24 | D:1      | Reached skill level 1 in Armour
    25 | D:1      | Reached XP level 2. HP: 11/17 MP: 3/3
   448 | D:1      | Reached XP level 3. HP: 17/21 MP: 4/4
   610 | D:1      | Reached skill level 4 in Dodging
   768 | D:2      | Reached XP level 4. HP: 3/26 MP: 5/5
  1832 | D:2      | Gained mutation: You can fly continuously. [Tengu growth]
  1832 | D:2      | Reached XP level 5. HP: 22/30 MP: 6/6
  2093 | D:3      | Reached skill level 5 in Dodging
  2348 | D:3      | Noticed Ijyb
  2359 | D:3      | Killed Ijyb
  2595 | D:4      | Noticed an ogre
  2603 | D:4      | Killed an ogre
  2603 | D:4      | Reached XP level 6. HP: 35/35 MP: 7/7
  2613 | D:4      | Reached skill level 1 in Stealth
  2663 | D:4      | Reached skill level 6 in Dodging
  2725 | D:4      | Reached XP level 7. HP: 40/40 MP: 8/8
  2759 | D:4      | Found a staircase to the Ecumenical Temple.
  2794 | Temple   | Entered the Ecumenical Temple
  2870 | Temple   | Became a worshipper of the Wu Jian Council
  3066 | D:4      | Found a burning altar of Makhleb.
  3565 | D:5      | Entered Level 5 of the Dungeon
  3672 | D:5      | Noticed Pikel
  3699 | D:5      | Killed Pikel
  3699 | D:5      | Reached skill level 5 in Long Blades
  3699 | D:5      | Reached skill level 7 in Dodging
  3699 | D:5      | Reached XP level 8. HP: 48/48 MP: 9/9
  4459 | D:5      | Reached skill level 8 in Dodging
  4580 | D:5      | Found Tasaam's Jewellery Boutique.
  4702 | D:6      | Identified the cursed +0 trident of Bile {chaos, rElec rF+
                  | rN+ Int+2}
  4702 | D:6      | Identified the +1 ring mail "Puhyi" {Regen+}
  4702 | D:6      | Identified the +3 buckler of Keraid {MR- Int+4 Dex+2}
  4721 | D:6      | Found a transporter.
  4721 | D:6      | Noticed wampuh's ghost (novice DsGl)
  4746 | D:6      | Found a transporter.
  4770 | D:6      | Noticed Sigmund
  4782 | D:6      | Killed Sigmund
  4798 | D:6      | Found a hazy altar of Hepliaklqana.
  4869 | D:6      | Found the +5 robe of Misfortune {*Contam Harm *Corrode
                  | *Drain *Slow EV+5}
  4874 | D:6      | Reached XP level 9. HP: 52/52 MP: 10/10
  5017 | D:6      | Reached * piety under Wu Jian
  5481 | D:7      | Reached skill level 9 in Dodging
  5512 | D:7      | Noticed Joseph
  5538 | D:7      | Killed Joseph
  5538 | D:7      | Reached skill level 5 in Fighting
  6394 | D:8      | Found a sparkling altar of Nemelex Xobeh.
  6395 | D:8      | Found a blossoming altar of Fedhas.
  6427 | D:8      | Found a staircase to the Lair.
  6427 | D:8      | Noticed a komodo dragon
  6463 | D:8      | Killed a komodo dragon
  7196 | D:5      | Bought the ring of the Death Scarab {rPois rN+ Str+5 Int-5
                  | Dex+3} for 412 gold pieces
  7367 | Lair:1   | Entered Level 1 of the Lair of Beasts
  7401 | Lair:1   | Noticed a komodo dragon
  7431 | Lair:1   | Killed a komodo dragon
  7431 | Lair:1   | Reached skill level 10 in Dodging
  7497 | Lair:1   | Reached XP level 10. HP: 47/60 MP: 11/11
  7617 | Lair:1   | Noticed a five-headed hydra
  7622 | Lair:1   | Killed a five-headed hydra
  7629 | Lair:1   | Noticed a spiny frog
  7659 | Lair:1   | Killed a spiny frog
  7659 | Lair:1   | Reached skill level 10 in Long Blades
  7790 | Lair:1   | Noticed a spiny frog
  7803 | Lair:1   | Killed a spiny frog
  7803 | Lair:1   | Reached skill level 11 in Dodging
  7992 | Lair:1   | Noticed an oklob plant
  8001 | Lair:1   | Noticed an oklob plant
  8001 | Lair:1   | Noticed an oklob plant
  8002 | Lair:1   | Noticed an oklob plant
  8420 | Lair:2   | Noticed a black mamba
  8426 | Lair:2   | Noticed a spiny frog
  8428 | Lair:2   | Killed a black mamba
  8439 | Lair:2   | Killed a spiny frog
  8441 | Lair:2   | Reached XP level 11. HP: 44/67 MP: 12/12
  8796 | Lair:2   | Reached ** piety under Wu Jian
  8853 | Lair:2   | Reached skill level 12 in Dodging
  9294 | Lair:3   | HP: 1/67 [wolf (3)]
  9297 | Lair:3   | Slain by a wolf

Levels and vault maps discovered:
D:1:      eino_arrival_tree_alley, layout_loops_ring
D:2:      layout_loops_ring, serial_forest, infiniplex_forest_end_1,
          infiniplex_forest_clump_diagonal, infiniplex_forest_straight_3,
          infiniplex_forest_zigzag_1, infiniplex_forest_clump_tiny
D:3:      layout_rooms, st_stairs_1, uniq_ijyb
D:4:      layout_basic, marbit_many_paths, minmay_temple_entry_drinking_statues
D:5:      layout_gridville, first_ration, serial_shops, kennysheep_mini_moat,
          uniq_pikel
D:6:      layout_loops_ring, lemuel_crystal_altar,
          gammafunk_ghost_gnarly_gnolls, uniq_sigmund
D:7:      layout_basic, uniq_joseph
D:8:      layout_basic, gammafunk_temple_overflow_pools, david_lair_shrubbed
Temple:   eino_temple_scatter_basement
Lair:1:   layout_misc_corridors, chequers_serial_rivers_micro_e,
          minmay_lair_oklob_chamber
Lair:2:   layout_regular_city, grunt_megastairs_4, serial_bayou_shore_b
Lair:3:   minmay_lair_venomous_thicket, layout_gridlike,
          elwin_shoals_entry_stream, serial_forest,
          infiniplex_forest_lined_corner, infiniplex_forest_lined_2,
          infiniplex_forest_straight_2, infiniplex_forest_clump_medium,
          infiniplex_forest_zigzag_1, infiniplex_forest_split,
          infiniplex_forest_zigzag_1, infiniplex_forest_clump_double,
          small_statue_intersection, lemuel_old_faithful,
          infiniplex_staircase_pool

Skill      XL: |  1  2  3  4  5  6  7  8  9 10 11 |
---------------+----------------------------------+-----
Armour         | 1 2 3 4 |  4.0
Dodging        | 4 5 6 7 8 10 11 12 | 12.0
Stealth        | 1 3 |  3.1
Long Blades    | 4 5 7 9 10 11 | 11.2
Fighting       | 3 4 5 7 |  7.3
Throwing       | |  2.0

Action                   |  1- 3 |  4- 6 |  7- 9 | 10-12 || total
-------------------------+-------+-------+-------+-------++-------
Melee: Long sword        |    47 |    96 |   213 |   117 ||   473
       Kick              |    14 |    50 |    96 |    75 ||   235
       Peck              |     8 |    26 |    65 |    35 ||   134
Throw: Boomerang         |       |     5 |     3 |       ||     8
       Throwing net      |       |     4 |     3 |       ||     7
       Dart              |       |       |    23 |       ||    23
Invok: Lunge             |       |       |    23 |    19 ||    42
       Whirlwind         |       |       |    21 |    41 ||    62
 Abil: Fly               |       |     1 |     1 |       ||     2
       Stop Flying       |       |       |     1 |       ||     1
       Wall Jump         |       |       |       |     1 ||     1
Evoke: Wand              |       |     3 |     1 |    14 ||    18
  Use: Potion            |       |     5 |     7 |    12 ||    24
       Scroll            |       |     5 |    10 |     7 ||    22
 Stab: Sleeping          |       |     1 |    10 |     4 ||    15
       Held in net/web   |       |       |     5 |       ||     5
       Invisible         |       |       |     3 |       ||     3
  Eat: Chunk             |       |     2 |    23 |       ||    25
       Ration            |       |     1 |       |       ||     1
Armor: Leather armour    |    14 |    14 |    18 |     4 ||    50
Dodge: Dodged            |    47 |    86 |   191 |   123 ||   447
       Rpst.: Long sword |    17 |    20 |    51 |    30 ||   118

Table legend:
 A = Non-vault XP
 B = Vault XP
 C = Vault XP percentage of total XP
 D = Non-vault monster count
 E = Vault monster count
 F = Vault count percentage of total count
                 A         B        C        D         E       F
            +---------+---------+-------+---------+---------+-------
      Total |    8434 |    2646 |  23.9 |     154 |      12 |   7.2
            +---------+---------+-------+---------+---------+-------
        D:1 |      45 |       0 |   0.0 |      22 |       0 |   0.0
        D:2 |     133 |       0 |   0.0 |      22 |       0 |   0.0
        D:3 |      69 |      45 |  39.5 |      15 |       4 |  21.1
        D:4 |     405 |     125 |  23.6 |      18 |       1 |   5.3
        D:5 |     590 |     651 |  52.5 |      20 |       1 |   4.8
        D:6 |     367 |     227 |  38.2 |       9 |       1 |  10.0
        D:7 |     439 |     486 |  52.5 |      15 |       1 |   6.2
        D:8 |     227 |     327 |  59.0 |       6 |       1 |  14.3
     Lair:1 |    3263 |     262 |   7.4 |      12 |       1 |   7.7
     Lair:2 |    2681 |     523 |  16.3 |      11 |       2 |  15.4
     Lair:3 |     215 |       0 |   0.0 |       4 |       0 |   0.0
            +---------+---------+-------+---------+---------+-------
